 Dungeon Crawl Stone Soup version 0.18.1-6-gd335043 (webtiles) character file.

119104 Shtopit the Carver (level 16, -11/129 HPs)
             Began as a Demonspawn Berserker on May 19, 2016.
             Was the Champion of Trog.
             Splashed with acid (13 damage)
             ... on level 1 of the Pits of Slime.
             The game lasted 02:14:47 (31086 turns).

Shtopit the Carver (Demonspawn Berserker)          Turns: 31086, Time: 02:14:48

Health: -11/129    AC: 28    Str: 24    XL:     16   Next: 27%
Magic:  0/33       EV:  8    Int:  7    God:    Trog [******]
Gold:   532        SH:  0    Dex: 19    Spells: 0 memorised, 15 levels left

rFire  . . .     SeeInvis .     H - +9 long sword "Rurrity" {drain, MP+9 Int+2}
rCold  . . .     Gourm    .     U - +2 plate armour {rN+}
rNeg   + . .     Faith    .     b - +0 large shield (curse)
rPois  .         Spirit   +     n - +1 hat
rElec  .         Dismiss  .     N - +1 cloak of Quoluvul {MR+ rCorr Int-3}
rCorr  +         Reflect  .     A - +1 pair of gloves
SustAt .         Harm     .     (boots unavailable)
MR     ++...                    L - amulet of magic regeneration
Stlth  ..........               p - +3 ring of dexterity
                                q - +2 ring of dexterity

@: confused, studying Axes, very resistant to hostile enchantments, extremely
unstealthy
A: hooves 3, large bone plates 3, powered by death 2, magic shield, magic
regeneration
a: Berserk, Trog's Hand, Brothers in Arms, Burn Spellbooks, Renounce Religion


You were on level 1 of the Pits of Slime.
You worshipped Trog.
Trog was exalted by your worship.
You were not hungry.

You visited 5 branches of the dungeon, and saw 27 of its levels.

You collected 2694 gold pieces.
You spent 2162 gold pieces at shops.

Inventory:

Hand Weapons
 l - a +2 hand crossbow of flaming
 G - a +5 antimagic falchion
 H - the +9 long sword "Rurrity" (weapon) {drain, MP+9 Int+2}
   (You found it on level 14 of the Dungeon)

   A truly terrible weapon, it drains the life of those it strikes.
   It affects your intelligence (+2).
   It affects your magic capacity (+9).
 K - a +2 long sword of electrocution
 X - a +2 scimitar of flaming
Missiles
 F - 2 throwing nets (quivered)
 T - 85 bolts
Armour
 b - a cursed +0 large shield (worn)
 n - a +1 hat (worn)
 A - a +1 pair of gloves (worn)
 N - the +1 cloak of Quoluvul (worn) {MR+ rCorr Int-3}
   (You acquired it on level 7 of the Lair of Beasts)

   It affects your intelligence (-3).
   It affects your resistance to hostile enchantments.
   It protects you from acid and corrosion.
 U - a +2 plate armour of positive energy (worn)
Rods
 D - a +2 rod of ignition (13/13)
   (You bought it in a shop on level 1 of the Orcish Mines)
Jewellery
 p - a +3 ring of dexterity (right hand)
 q - a +2 ring of dexterity (left hand)
 v - an uncursed ring of fire
 y - the amulet of the Air {Inacc +Fly rElec EV+5 RMsl}
   (You found it on level 15 of the Dungeon)

   [amulet of inaccuracy]

   It reduces the accuracy of all your attacks.
   It affects your evasion (+5).
   It insulates you from electricity.
   It lets you fly.
   It protects you from missiles.
 z - the amulet of Wohebbed {rF+ rN+ Regen+}
   (You bought it in a shop on level 2 of the Orcish Mines)

   [amulet of regeneration]

   It protects you from fire.
   It protects you from negative energy.
   It increases your rate of regeneration.
 L - an amulet of magic regeneration (around neck)
 O - the ring of the Special Spirits {*Confuse +Inv rPois MP+9 Int+2}
   (You found it on level 8 of the Lair of Beasts)

   [ring of intelligence]

   It affects your intelligence (+2).
   It protects you from poison.
   It affects your magic capacity (+9).
   It lets you turn invisible.
   It may confuse you when you take damage.
Wands
 e - a wand of teleportation (5/9)
 k - a wand of heal wounds (0/9)
 s - a wand of digging (15/24)
 x - a wand of disintegration (4/24)
 I - a wand of hasting (4/9)
 Q - a wand of lightning (6/15)
Scrolls
 j - 3 scrolls of identify
 m - 3 scrolls of enchant armour
 o - 17 scrolls of remove curse
 w - 4 scrolls of recharging
 J - 2 scrolls of fog
 P - 4 scrolls of enchant weapon
Potions
 g - 8 potions of agility
 h - 3 potions of haste
 t - 3 potions of might
 u - a potion of ambrosia
 B - 2 potions of magic
 E - 4 potions of invisibility
 M - a potion of berserk rage
 Y - a potion of cure mutation
 Z - a potion of flight
Books
 R - a manual of Axes
Miscellaneous
 a - a box of beasts
 d - an ornate deck of defence
 W - a stone of tremors
Comestibles
 c - 20 bread rations
 f - 14 meat rations
 i - 11 royal jellies
 V - 12 beef jerkies


   Skills:
 + Level 12.7 Fighting
 + Level 13.8 Long Blades
 + Level 2.7 Crossbows
 + Level 13.2 Armour
 + Level 6.0 Dodging
 - Level 1.1 Stealth
 + Level 10.5 Shields
 * Level 11.4 Evocations


You had 15 spell levels left.
You didn't know any spells.

Dungeon Overview and Level Annotations

Branches:
Dungeon (15/15)            Temple (0/1) D:4            Lair (8/8) D:11
  Swamp (0/4) Lair:6        Snake (1/4) Lair:3        Slime (1/6) Lair:6
    Orc (2/2) D:10            Elf (0/3) Orc:2        Vaults (0/5) D:13
 Depths (0/5) D:15

Altars:
Ashenzari
Cheibriados
Fedhas
Gozag
Kikubaaqudgha
Okawaru
Pakellas
Qazlal
Ru
Sif Muna
Trog
Vehumet
Xom
Yredelemnul
Zin
The Shining One
Beogh

Shops:
D:10 (   Orc:1 }   Orc:2 ([*:


Innate Abilities, Weirdness & Mutations

You have hooves in place of feet.
You are completely covered in large bone plates (AC +4, SH +4).
You regenerate health from kills.
When hurt, damage is shared between your health and your magic reserves.
You regenerate magic rapidly.


Message History

The golden eye blinks!
The golden eye blinks at you. You resist with almost no effort.
The golden eye blinks at you. You resist with almost no effort.
The eye of draining gazes at you.
You feel your power leaking away. The golden eye blinks at you.
You resist with almost no effort. The golden eye blinks at you.
You resist with almost no effort. The eye of devastation gazes at you.
The bolt of energy hits you!
* * * LOW HITPOINT WARNING * * *
The slime covered rock wall explodes into countless fragments.
You're too confused!
You're too confused! 2 slime creatures come into view.
The walls burn you! You resist.
You die...

....................
....................
...........G........
....................
..#.##..#.G......G..
....G#.....G...>....
J.....#.#GG.##......
J.J....##.G## #.....
#.J....@.J.# #....
#....#.#....# ....
##.#######.## ...
###


You could see a very large slime creature, 4 slime creatures, 2 eyes of draining
and 2 golden eyes.

Vanquished Creatures
  Kirke (D:13)
  A greater naga (Snake:1)
  3 orc warlords
  Snorg (Lair:4)
  5 vault guards (D:13)
  3 fire dragons
  6 hydras
  2 ice dragons
  An ogre mage (D:13)
  2 catoblepae
  11 death yaks
  4 orc high priests
  Nergalle (Lair:3)
  An unseen horror (D:12)
  3 hill giants
  7 orc knights
  Pikel (D:8)
  A deep elf mage (D:14)
  A mana viper (Snake:1)
  6 orc sorcerers
  A deep elf archer (D:13)
  10 ugly things
  An oklob plant (Lair:8)
  3 griffons
  A manticore (D:13)
  2 cyclopes
  A guardian serpent (Snake:1)
  A salamander (Snake:1)
  8 black mambas
  5 elephants (Lair:8)
  A torpor snail (Lair:5)
  A yaktaur (D:13)
  13 spiny frogs
  6 rime drakes
  An efreet (D:14)
  20 komodo dragons
  3 gargoyles
  A kobold demonologist (D:11)
  8 trolls
  13 polar bears
  A tengu conjurer (D:13)
  4 two-headed ogres
  2 raiju (Lair:8)
  12 blink frogs
  5 slime creatures
  A centaur simulacrum (D:15)
  A wraith (D:13)
  4 wyverns
  A shadow (D:11)
  68 yaks
  4 basilisks
  A hog (D:13)
  2 hungry ghosts
  5 golden eyes (Slime:1)
  7 hippogriffs
  A steam dragon (D:8)
  12 vampire mosquitoes
  4 mottled dragons
  4 nagas
  16 water moccasins
  9 wargs
  6 hell hounds (Lair:8)
  14 porcupines
  7 sky beasts
  2 swamp drakes (Lair:8)
  16 black bears
  A necrophage (D:5)
  42 orc warriors
  2 phantoms
  2 eyes of draining
  6 ice beasts
  14 ogres
  26 wolves
  6 centaurs
  24 crocodiles
  2 wyvern zombies
  34 giant frogs
  A gnoll sergeant (D:6)
  2 water moccasin zombies
  3 scorpions
  3 water moccasin skeletons
  7 killer bees
  10 electric eels
  9 howler monkeys
  6 crimson imps
  4 centaur zombies
  A quasit (D:12)
  A giant frog zombie (D:12)
  5 centaur skeletons
  8 jellies
  A giant frog skeleton (D:4)
  18 hounds
  33 orc priests
  8 worker ants
  13 iguanas
  25 orc wizards
  6 hell rats (Lair:4)
  19 sheep
  2 hound zombies (D:7)
  20 gnolls
  112 river rats
  18 adders
  5 shadow imps
  7 oozes
  An adder skeleton (D:6)
  3 adder zombies
  3 worms
  4 dart slugs
  6 giant geckos
  117 orcs
  13 bats
  5 giant cockroaches
  12 goblins
  8 hobgoblins
  22 jackals
  5 kobolds
  3 quokkas
  A ball python (D:5)
  A giant cockroach zombie (D:6)
  A giant gecko skeleton (D:4)
  A giant gecko zombie (D:5)
  4 giant newts
  A quokka zombie (D:9)
  22 rats
  A butterfly (Lair:3)
  2 fungi
  A plant (Lair:2)
1113 creatures vanquished.

Vanquished Creatures (collateral kills)
  Nessos (D:14)
  Josephine (D:13)
  3 ugly things (D:14)
  2 wraiths (D:13)
  5 hogs (D:13)
  A killer bee (D:13)
  2 orcs (D:13)
15 creatures vanquished.

Vanquished Creatures (others)
  A hungry ghost (D:8)
  A jelly (Slime:1)
  An iguana (Lair:8)
  21 fungi
  22 plants
46 creatures vanquished.

Grand Total: 1174 creatures vanquished

Notes
Turn   | Place    | Note
--------------------------------------------------------------
     0 | D:1      | Shtopit the Demonspawn Berserker began the quest for the Orb.
     0 | D:1      | Reached XP level 1. HP: 18/18 MP: 1/1
   214 | D:1      | Gained mutation: You regenerate a little health from kills. [demonic ancestry]
   214 | D:1      | Reached XP level 2. HP: 6/24 MP: 2/2
   645 | D:1      | Gained mutation: When hurt, damage is shared between your health and your magic reserves. [demonic ancestry]
   645 | D:1      | Reached XP level 3. HP: 7/29 MP: 3/3
   888 | D:2      | Reached ** piety under Trog
  1239 | D:2      | Found a sacrificial altar of Ru.
  1374 | D:2      | Gained mutation: You regenerate magic rapidly. [demonic ancestry]
  1374 | D:2      | Reached XP level 4. HP: 33/36 MP: 4/4
  1474 | D:2      | Found a shimmering altar of Xom.
  1475 | D:2      | Found a shimmering altar of Xom.
  1475 | D:2      | Found a shimmering altar of Xom.
  1476 | D:2      | Found a shimmering altar of Xom.
  1747 | D:2      | Reached skill level 1 in Stealth
  1752 | D:2      | Reached XP level 5. HP: 42/42 MP: 5/5
  1866 | D:2      | Found an iron altar of Okawaru.
  2075 | D:3      | Reached *** piety under Trog
  2531 | D:3      | Found an ancient bone altar of Kikubaaqudgha.
  2940 | D:4      | Noticed an ogre
  2945 | D:4      | Killed an ogre
  2945 | D:4      | Gained mutation: You have large cloven feet. [demonic ancestry]
  2945 | D:4      | Reached XP level 6. HP: 48/48 MP: 6/6
  3260 | D:4      | Gained mutation: You regenerate health from kills. [demonic ancestry]
  3260 | D:4      | Reached XP level 7. HP: 55/55 MP: 7/7
  3281 | D:4      | Found a radiant altar of Vehumet.
  3285 | D:4      | Found a bloodstained altar of Trog.
  3286 | D:4      | Found a shimmering altar of Xom.
  3287 | D:4      | Found a glowing silver altar of Zin.
  3470 | D:4      | Reached **** piety under Trog
  3522 | D:4      | Found a snail-covered altar of Cheibriados.
  3626 | D:4      | Found a staircase to the Ecumenical Temple.
  3698 | D:5      | Entered Level 5 of the Dungeon
  3729 | D:5      | Reached skill level 5 in Fighting
  3729 | D:5      | Reached skill level 5 in Long Blades
  4148 | D:5      | Reached skill level 5 in Armour
  4189 | D:5      | Gained mutation: You have hoof-like feet. [demonic ancestry]
  4189 | D:5      | Reached XP level 8. HP: 62/62 MP: 8/8
  4565 | D:6      | Reached ***** piety under Trog
  5183 | D:6      | Found a basalt altar of Yredelemnul.
  5367 | D:7      | Reached XP level 9. HP: 47/70 MP: 6/9
  5531 | D:7      | Received a gift from Trog
  5593 | D:7      | Found an opulent altar of Gozag.
  6078 | D:7      | Found a stormy altar of Qazlal.
  6206 | D:7      | Found an oddly glowing altar of Pakellas.
  6503 | D:8      | Reached skill level 1 in Shields
  6818 | D:8      | Noticed Pikel
  6828 | D:8      | Killed Pikel
  6828 | D:8      | Gained mutation: You are partially covered in large bone plates (AC +2, SH +2). [demonic ancestry]
  6828 | D:8      | Reached XP level 10. HP: 80/80 MP: 8/10
  7008 | D:8      | Found a blossoming altar of Fedhas.
  8238 | D:10     | Entered Level 10 of the Dungeon
  8389 | D:10     | Got a fine ring mail
  8397 | D:10     | Identified the +2 ring mail of Untruth {rElec rC- rN+ Str+2} (You found it on level 10 of the Dungeon)
  8581 | D:10     | Reached skill level 1 in Evocations
  8661 | D:10     | Found Qobrial's Antique Weapon Emporium.
  8669 | D:10     | Bought a scimitar for 104 gold pieces
  9050 | D:10     | Found a staircase to the Orcish Mines.
  9104 | D:10     | Found a roughly hewn altar of Beogh.
  9396 | D:11     | Noticed a red ugly thing
  9410 | D:11     | Killed a red ugly thing
  9410 | D:11     | Reached XP level 11. HP: 89/89 MP: 10/12
  9518 | D:11     | Received a gift from Trog
  9727 | D:11     | Found a staircase to the Lair.
 10873 | D:12     | Received a gift from Trog
 11084 | D:12     | Noticed a seven-headed hydra
 11092 | D:12     | Killed a 12-headed hydra
 11776 | D:12     | Killed an unseen horror
 11776 | D:12     | Reached skill level 5 in Evocations
 11984 | D:13     | Noticed a vault guard
 12027 | D:13     | Noticed a vault guard
 12060 | D:13     | Reached skill level 10 in Armour
 12241 | D:13     | Noticed a brown ugly thing
 12243 | D:13     | Noticed an orc knight
 12257 | D:13     | Killed a brown ugly thing
 12276 | D:13     | Killed an orc knight
 12276 | D:13     | Reached XP level 12. HP: 74/97 MP: 12/15
 12399 | D:13     | Reached skill level 5 in Shields
 12598 | D:13     | Reached skill level 10 in Fighting
 12603 | D:13     | Noticed a vault guard
 12644 | D:13     | Killed a vault guard
 12644 | D:13     | Reached skill level 10 in Long Blades
 13162 | D:13     | Noticed Josephine
 13167 | D:13     | Received a gift from Trog
 13169 | D:13     | Killed Josephine
 13173 | D:13     | Noticed Kirke
 13793 | D:14     | Found a shattered altar of Ashenzari.
 13801 | D:14     | Reached skill level 5 in Dodging
 13830 | D:14     | Noticed a fire dragon
 14036 | Lair:1   | Entered Level 1 of the Lair of Beasts
 14903 | Lair:2   | Gained mutation: You have hooves in place of feet. [demonic ancestry]
 14903 | Lair:2   | Reached XP level 13. HP: 97/104 MP: 14/18
 15255 | Lair:2   | Reached ****** piety under Trog
 15795 | Lair:3   | Found a staircase to the Snake Pit.
 15814 | Lair:3   | Received a gift from Trog
 16402 | Lair:3   | Noticed Nergalle
 16443 | Lair:3   | Killed Nergalle
 17365 | Lair:4   | Received a gift from Trog
 17561 | Lair:4   | Noticed Snorg
 17575 | Lair:4   | Killed Snorg
 19196 | Lair:5   | Received a gift from Trog
 19252 | Lair:5   | Reached XP level 14. HP: 60/113 MP: 16/20
 19774 | Lair:6   | Found a staircase to the Slime Pits.
 20152 | Lair:6   | Found a staircase to the Swamp.
 21105 | Lair:7   | Received a gift from Trog
 21120 | Lair:7   | Identified a scroll of acquirement
 21121 | Lair:7   | Got a jewelled cloak
 21132 | Lair:7   | Identified the +1 cloak of Quoluvul {MR+ rCorr Int-3} (You acquired it on level 7 of the Lair of Beasts)
 22275 | Lair:8   | Entered Level 8 of the Lair of Beasts
 22880 | Lair:8   | Received a gift from Trog
 23062 | Lair:8   | Reached skill level 10 in Evocations
 23430 | Lair:8   | Gained mutation: You are mostly covered in large bone plates (AC +3, SH +3). [demonic ancestry]
 23430 | Lair:8   | Reached XP level 15. HP: 120/120 MP: 18/22
 23457 | Lair:8   | Received a gift from Trog
 23491 | Lair:8   | Got a faintly glowing iron ring
 23547 | Lair:8   | Identified the ring of the Special Spirits {*Confuse +Inv rPois MP+9 Int+2} (You found it on level 8 of the Lair of Beasts)
 24218 | Orc:1    | Entered Level 1 of the Orcish Mines
 24361 | Orc:2    | Entered Level 2 of the Orcish Mines
 24575 | Orc:2    | Noticed an orc warlord
 24654 | Orc:1    | Killed an orc warlord
 24849 | Orc:1    | Noticed an orc warlord
 24886 | Orc:1    | Killed an orc warlord
 25319 | Orc:2    | Found a deep blue altar of Sif Muna.
 25644 | Orc:2    | Received a gift from Trog
 25801 | Orc:2    | Found a roughly hewn altar of Beogh.
 25826 | Orc:2    | Noticed an orc warlord
 25856 | Orc:2    | Killed an orc warlord
 25931 | Orc:2    | Found a staircase to the Elven Halls.
 26151 | Orc:2    | Found Xavvet's Antique Armour Shop.
 26152 | Orc:2    | Found Pyr Hia's Antique Weapon Boutique.
 26163 | Orc:2    | Found Buhyclod's General Store.
 26194 | Orc:2    | Found Gopsis's Book Shop.
 26257 | Orc:2    | Received a gift from Trog
 26600 | Orc:1    | Found a roughly hewn altar of Beogh.
 26603 | Orc:1    | Found Puxed's Gadget Boutique.
 26806 | Orc:2    | Bought a runed hat for 80 gold pieces
 26814 | Orc:2    | Bought the amulet of Wohebbed {rF+ rN+ Regen+} for 578 gold pieces
 26904 | Orc:1    | Bought a +2 rod of ignition (13/13) for 1400 gold pieces
 27255 | D:13     | Reached skill level 1 in Crossbows
 27290 | D:13     | Found a gate to the Vaults.
 27545 | D:13     | Killed Kirke
 27776 | D:14     | Noticed Nessos
 27843 | D:14     | Killed Nessos
 28050 | D:14     | Got a steaming long sword
 28051 | D:14     | Identified the +9 long sword "Rurrity" {drain, MP+9 Int+2} (You found it on level 14 of the Dungeon)
 28432 | D:14     | Reached skill level 10 in Shields
 28600 | D:15     | Entered Level 15 of the Dungeon
 28739 | D:15     | Gained mutation: You are completely covered in large bone plates (AC +4, SH +4). [demonic ancestry]
 28739 | D:15     | Reached XP level 16. HP: 54/129 MP: 14/24
 29003 | D:15     | Found a staircase to the Depths.
 29053 | D:15     | Received a gift from Trog
 29488 | D:15     | Found a glowing golden altar of the Shining One.
 30165 | Snake:1  | Entered Level 1 of the Snake Pit
 30441 | Snake:1  | HP: 5/129 [guardian serpent/bolt of poison (4)]
 30462 | Lair:3   | HP: 6/129 [poisoned by a greater naga (splash of poison)]
 30467 | Lair:3   | HP: 4/129 [poisoned by a greater naga (splash of poison)]
 30472 | Lair:3   | HP: 3/129 [poisoned by a greater naga (splash of poison)]
 30479 | Lair:3   | HP: 3/129 [poisoned by a greater naga (splash of poison)]
 30877 | Slime:1  | Entered Level 1 of the Pits of Slime
 31085 | Slime:1  | HP: 2/129 [disintegration (38)]
 31086 | Slime:1  | Splashed with acid

Skill      XL: |  1  2  3  4  5  6  7  8  9 10 11 12 13 14 15 16 |
---------------+-------------------------------------------------+-----
Armour         | 2 3 5 6 8 9 10 12 13 | 13.2
Dodging        | 2 3 4 5 6 |  6.0
Long Blades    | 3 4 5 6 7 8 9 10 11 12 13 | 13.8
Stealth        | 1 |  1.1
Fighting       | 4 5 6 7 9 10 11 12 | 12.7
Shields        | 2 3 4 5 7 8 10 | 10.5
Evocations     | 2 5 7 8 10 11 | 11.4
Crossbows      | 2 |  2.7

Action                   |  1- 3 |  4- 6 |  7- 9 | 10-12 | 13-15 | 16-18 || total
-------------------------+-------+-------+-------+-------+-------+-------++-------
Melee: Falchion          |   129 |   295 |   712 |   281 |       |       ||  1417
       Kick              |       |    31 |   229 |   258 |   976 |   108 ||  1602
       Scimitar          |       |       |       |  1080 |  2318 |       ||  3398
       Long sword        |       |       |       |       |    60 |   228 ||   288
 Fire: Hand crossbow     |       |       |       |       |    62 |     9 ||    71
Invok: Berserk           |     5 |     6 |    10 |    22 |    25 |     1 ||    69
       Burn Spellbooks   |       |       |     1 |     2 |     5 |       ||     8
       Brothers in Arms  |       |       |       |     2 |     2 |       ||     4
       Trog's Hand       |       |       |       |     1 |     1 |     2 ||     4
Evoke: Wand              |       |       |       |       |       |     1 ||     1
  Use: Potion            |     1 |     1 |       |    13 |     5 |     1 ||    21
       Scroll            |       |       |       |    16 |    14 |     6 ||    36
 Stab: Distracted        |       |       |       |     1 |       |       ||     1
       Invisible         |       |       |       |       |     4 |       ||     4
  Eat: Chunk             |     7 |    11 |    24 |    37 |    51 |     4 ||   134
       Beef jerky        |       |       |       |     3 |     1 |     6 ||    10
       Pizza             |       |       |       |     2 |     2 |       ||     4
       Fruit             |       |       |       |    10 |    21 |       ||    31
Armor: Animal skin       |    28 |       |       |       |       |       ||    28
       Plate armour      |    13 |   321 |   522 |   705 |  1229 |   102 ||  2892
Dodge: Dodged            |    84 |   179 |   304 |   490 |   944 |    42 ||  2043
Block: Buckler           |       |       |    36 |   468 |   738 |       ||  1242
       Large shield      |       |       |       |       |   868 |   171 ||  1039
